 Dungeon Crawl Stone Soup version 0.18-a0-1677-g2bdad6c (webtiles) character file.

420 ShamefulDisplay the Conjurer (level 6, -1/44 HPs)
             Began as a Demonspawn Wanderer on Apr 2, 2016.
             Slain by a centaur (8 damage)
             ... on level 3 of the Dungeon.
             The game lasted 00:10:03 (3585 turns).

ShamefulDisplay the Conjurer (Demonspawn Wanderer)  Turns: 3585, Time: 00:10:03

Health: -1/44      AC:  5    Str: 18    XL:     6   Next: 62%
Magic:  0/10       EV: 13    Int: 16    God:
Gold:   89         SH:  0    Dex: 13    Spells: 2 memorised, 7 levels left

rFire  . . .     SeeInvis .     a - +2 dagger
rCold  . . .     Gourm    .     d - +0 robe
rNeg   . . .     Faith    .     (no shield)
rPois  .         Spirit   .     (no helmet)
rElec  .         Dismiss  .     (no cloak)
rCorr  .         Reflect  .     o - +0 pair of gloves
SustAt .         Harm     .     k - +1 pair of boots
MR     .....                    (no amulet)
Stlth  +++.......               (no ring)
                                g - +2 ring of strength

@: mighty, not resistant to hostile enchantments, fairly stealthy
A: repulsion field 1, nightstalker 1
a: no special abilities


You were on level 3 of the Dungeon.
You were not hungry.

You visited 1 branch of the dungeon, and saw 4 of its levels.

You collected 89 gold pieces.

Inventory:

Hand Weapons
 a - a +2 dagger (weapon)
Armour
 d - a +0 robe (worn)
 k - a +1 pair of boots (worn)
 o - a +0 pair of gloves (worn)
Jewellery
 g - a +2 ring of strength (left hand)
Wands
 t - a wand of teleportation (5/9)
Scrolls
 e - 2 scrolls of enchant armour
 h - a scroll of identify
Books
 c - the Incunabulum of Conjuration

   Spells                             Type                      Level
   a - Sting                          Conjuration/Poison           1
   b - Dazzling Spray                 Conjuration/Hexes            3
Comestibles
 b - a chunk of flesh
 f - 2 bread rations
 i - a meat ration


   Skills:
 - Level 2.0 Fighting
 - Level 1.0 Dodging
 - Level 1.0 Stealth
 + Level 3.3 Spellcasting
 + Level 6.0 Conjurations
 - Level 3.0 Hexes
 - Level 1.0 Evocations


You had 7 spell levels left.
You knew the following spells:

 Your Spells              Type           Power        Failure   Level  Hunger
a - Sting                 Conj/Pois      ##..         8%          1    None
b - Dazzling Spray        Conj/Hex       ###.....     12%         3    ###....


Dungeon Overview and Level Annotations

Branches:
Dungeon (4/15)
 Temple: D:4-7

Altars:
Pakellas


Innate Abilities, Weirdness & Mutations

You are surrounded by a mild repulsion field (EV +2).
You are slightly more attuned to the shadows.


Message History

Press: ? - help, Shift-Dir - straight line, f/p - centaur
Aim: a centaur (lightly wounded)
The sting hits the centaur.
The centaur appears unharmed.
The centaur is lightly wounded.
The centaur hits you but does no damage.
The centaur closely misses you.
Casting: Sting
Confirm with . or Enter, or press ? or * to list all spells.
Aiming: Sting
Press: ? - help, Shift-Dir - straight line, f/p - centaur
Aim: a centaur (lightly wounded)
The sting misses the centaur.
The centaur hits you.
* * * LOW HITPOINT WARNING * * *
Drink which item? (? for menu, Esc to quit)
You feel very mighty all of a sudden. The centaur barely misses you. x2
You puncture the centaur!
The centaur is severely wounded.
The centaur hits you!
You die...

##### #####...## #######
###........###.....# ########
##........#.........# #.....(.
#......########.....# #.......
##...#### #.....# #....... #...##
#c....# #.รท).... #...#
#####@....#####....... ...##
#.##.(......##........ ...#
#.##.(....#........... ..##
#.........###.#....... ###
#...#>....###......... #
#....######..)..#...##
#####.#...# #...###..)....
########.#..##(#.###.### ###..##.
.........#...#.#..##.#####...###.


You could see a centaur.

Vanquished Creatures
  Sigmund (D:3)
  An orc priest (D:3)
  Natasha (thrice) (D:3)
  4 adders
  3 gnolls (D:3)
  3 worms (D:3)
  2 dart slugs
  2 giant geckos (D:3)
  4 orcs (D:3)
  A ball python (D:2)
  2 giant cockroaches
  10 goblins
  8 hobgoblins
  7 jackals
  8 kobolds
  2 quokkas
  6 bats
  3 giant newts
  6 rats
76 creatures vanquished.

Notes
Turn   | Place    | Note
--------------------------------------------------------------
     0 | D:1      | ShamefulDisplay the Demonspawn Wanderer began the quest for the Orb.
     0 | D:1      | ShamefulDisplay set off with: a +2 dagger, a potion of berserk rage, the Incunabulum of Conjuration, a +0 robe, a bread ration
     0 | D:1      | Reached XP level 1. HP: 16/16 MP: 1/1
     0 | D:1      | Identified the Incunabulum of Conjuration
   218 | D:1      | Reached skill level 1 in Spellcasting
   307 | D:1      | Gained mutation: You are surrounded by a mild repulsion field (EV +2). [demonic ancestry]
   307 | D:1      | Reached XP level 2. HP: 18/22 MP: 4/4
   593 | D:1      | Learned a level 1 spell: Sting
  1207 | D:2      | Reached XP level 3. HP: 21/27 MP: 0/6
  2159 | D:3      | Noticed Natasha
  2166 | D:3      | Killed Natasha
  2166 | D:3      | Reached XP level 4. HP: 21/33 MP: 1/8
  2414 | D:3      | Reached skill level 3 in Conjurations
  2506 | D:3      | Found an oddly glowing altar of Pakellas.
  2515 | D:3      | Noticed Sigmund
  2535 | D:3      | Killed Sigmund
  2535 | D:3      | Reached skill level 5 in Conjurations
  2535 | D:3      | Gained mutation: You are slightly more attuned to the shadows. [demonic ancestry]
  2535 | D:3      | Reached XP level 5. HP: 24/38 MP: 3/9
  2535 | D:3      | Reached XP level 6. HP: 27/44 MP: 3/10
  2921 | D:3      | Learned a level 3 spell: Dazzling Spray
  2953 | D:3      | Noticed Natasha
  2963 | D:3      | Killed Natasha
  3242 | D:3      | Noticed Natasha
  3246 | D:3      | Killed Natasha
  3484 | D:3      | Reached skill level 6 in Conjurations
  3585 | D:3      | Slain by a centaur

Vault maps used:
D:1:      elethiomel_arrival_maze
D:3:      first_bread, minmay_misc_feat_square, eino_curves_04,
          grunt_pakellas_basics, uniq_sigmund, uniq_natasha
D:4:      old_standard_altar, patterned_corridor

Skill      XL: |  1  2  3  4  5  6 |
---------------+-------------------+-----
Spellcasting   | 1 2 3 |  3.3
Conjurations   | 5 6 |  6.0
Fighting       | |  2.0
Dodging        | |  1.0
Stealth        | |  1.0
Hexes          | |  3.0
Evocations     | |  1.0

Action                   |  1- 3 |  4- 6 || total
-------------------------+-------+-------++-------
Melee: Dagger            |   184 |    66 ||   250
 Cast: Sting             |    30 |    59 ||    89
       Dazzling Spray    |       |     4 ||     4
Evoke: Wand              |       |     1 ||     1
  Use: Potion            |       |     4 ||     4
       Scroll            |       |     9 ||     9
 Stab: Sleeping          |     2 |       ||     2
       Invisible         |       |     1 ||     1
  Eat: Chunk             |     4 |     6 ||    10
